 Seeded DCSS version 0.30.1-9-gdf580d7c3d (webtiles) character file.

Game seed: 920673320228942481 (custom seed)

1317 Psyclone the Thaumaturge (level 8, -2/50 HPs)
             Began as a Djinni Earth Elementalist on Oct 15, 2023.
             Was an Initiate of Ashenzari.
             Slain by a killer bee (3 damage)
             ... on level 7 of the Dungeon.
             The game lasted 00:08:21 (4777 turns).

Psyclone the Thaumaturge (DjEE)                     Turns: 4777, Time: 00:08:22

Health: -2/50      AC:  4    Str:  6    XL:     8   Next: 90%
Gold:   262        EV: 12    Int: 22    God:    Ashenzari [......] SH:  0 Dex: 14

rFire   + + .        w - +1 dagger (venom)
rCold   x . .        (no shield)
rNeg    . . .        a - +0 robe
rPois   ∞            o - +0 helmet
rElec   .            l - +0 cloak
rCorr   .            (no gloves)
SInv    +            (boots unavailable)
Will    .....        (no amulet)
Stlth   ++           (no ring)
HPRegen 0.28/turn    (no ring)
MPRegen 0.00/turn

%: infuse magic (-3 HP)
@: flying, studying Spellcasting
A: sickness immunity, fire resistance 2, cold vulnerability 1, float, innate
caster, HP casting, extra vitality 1, see invisible, clever 1, wild magic 1,
MP-powered wands
a: Renounce Religion


You were on level 7 of the Dungeon.
You worshipped Ashenzari.
Ashenzari was noncommittal.
You visited 1 branch of the dungeon, and saw 7 of its levels.

You collected 262 gold pieces.

Inventory:

Hand Weapons
 w - a +1 dagger of venom (weapon)
Armour
 a - a +0 robe (worn)
 l - a +0 cloak (worn)
 o - a +0 helmet (worn)
Magical Staves
 y - a staff of poison
Jewellery
 b - a ring of wizardry
 j - a ring of resist corrosion
 t - an amulet of the acrobat
Wands
 m - a wand of paralysis (3)
Scrolls
 e - 3 scrolls of teleportation {unknown}
 f - 2 scrolls of amnesia {unknown}
 g - 2 scrolls of fog {unknown}
 p - 2 scrolls of fear {unknown}
 q - 3 scrolls of identify {unknown}
 s - a scroll of poison {unknown}
 x - a scroll of noise {unknown}
Potions
 c - a potion of resistance {unknown}
 d - 2 potions of cancellation {unknown}
 h - a potion of lignification {unknown}
 i - 3 potions of heal wounds {unknown}
 k - a potion of brilliance {unknown}
 n - 3 potions of degeneration {unknown}
 r - a potion of invisibility {unknown}
 u - 3 potions of curing {unknown}
 v - a potion of ambrosia {unknown}
 z - 2 potions of might {unknown}


   Skills:
 - Level 2.1 Dodging
 - Level 1.5 Stealth
 + Level 11.3 Spellcasting


You knew the following spells:

 Your Spells              Type           Power      Damage    Failure   Level
a - Stone Arrow           Conj/Erth      100%       3d13      1%          3
b - Passwall              Tmut/Erth      57%        N/A       1%          2
c - Sandblast             Erth           100%       2d20      1%          1
d - Petrify               Tmut/Erth      69%        N/A       1%          4
e - Shock                 Conj/Air       100%       1d9       1%          1
f - Wereblood             Tmut           69%        N/A       1%          2
g - Vampiric Draining     Necr           69%        2d10      1%          3
Your spell library was empty.

Dungeon Overview and Level Annotations

Branches:
Dungeon (7/15) Zot: 26862
 Temple: D:4-7

Altars:
Ashenzari

Shops:
D:3 *:


Innate Abilities, Weirdness & Mutations

You are immune to sickness and miasma.
You are immune to poison.
Your flesh is very heat resistant. (rF++)
You are vulnerable to cold. (rC-)
You float through the air rather than walking.
You learn spells naturally, not from books.
Your magical power is your life essence.
You have superior vitality. (+4 MHP)
You have supernaturally acute eyesight. (SInv)
Your mind is acute. (Int +4, Str/Dex -1)
Your spells are a little harder to cast, but a little more powerful.
You expend health (3 HP) to strengthen your wands.


Message History

A killer bee comes into view.
The killer bee misses you. The killer bee stings you.
* * * LOW HITPOINT WARNING * * *
The killer bee stings you but does no damage.
The killer bee closely misses you.
You take 7 damage, and have 13/50 hp.
Casting: Stone Arrow (safe; 1% risk of failure)
Confirm with . or Enter, or press ? or * to list all spells.
Aiming: Stone Arrow (safe; 1% risk of failure)
Press: ? - help, Shift-Dir - straight line, f/p - killer bee
Aim: a killer bee (55% to hit)
The stone arrow hits the killer bee!!
You kill the killer bee!
* * * LOW HITPOINT WARNING * * *
The killer bee stings you.
* * * LOW HITPOINT WARNING * * *
A killer bee comes into view.
The killer bee barely misses you.
The killer bee stings you but does no damage.
You take 6 damage, and have 7/50 hp.
Casting: Stone Arrow (safe; 1% risk of failure)
Confirm with . or Enter, or press ? or * to list all spells.
Aiming: Stone Arrow (safe; 1% risk of failure)
Press: ? - help, Shift-Dir - straight line, f - killer bee
Aim: a killer bee (55% to hit)
The stone arrow hits the killer bee!!
You kill the killer bee!
* * * LOW HITPOINT WARNING * * *
The killer bee closely misses you. The killer bee barely misses you. x2
You take 3 damage, and have 4/50 hp.
Casting: Stone Arrow (safe; 1% risk of failure)
Confirm with . or Enter, or press ? or * to list all spells.
Aiming: Stone Arrow (safe; 1% risk of failure)
Press: ? - help, Shift-Dir - straight line, f - killer bee
Aim: a killer bee (55% to hit)
The stone arrow hits the killer bee!
The killer bee is severely wounded.
* * * LOW HITPOINT WARNING * * *
The killer bee stings you.
You die...

............ .####
########.#.. ....
.....#.# ...# #>.##.#
... #####..#..# #†.
#.........# #..
#.........# #.y###
#.........# #.y@.#
#.........# #.##.##
#.........# # #..#
#.........# ##.##
#..^....... #..#
#..........
#######.###..........
#........##..........
#.........#.........
#+++#...................


You could see 2 killer bees.

Vanquished Creatures
  Sigmund (D:4)
  A steam dragon (D:7)
  A water moccasin (D:4)
  A black bear (D:4)
  A phantom (D:6)
  Blork the orc (D:4)
  4 scorpions
  3 killer bees (D:7)
  2 hounds
  Crazy Yiuf (D:2)
  Natasha (D:2)
  2 orc wizards
  Robin (D:4)
  3 gnolls (D:5)
  3 adders
  A white imp (D:5)
  A worm (D:3)
  2 dart slugs
  7 orcs
  7 endoplasms
  2 giant cockroaches
  9 goblins
  7 hobgoblins
  2 quokkas
  9 ball pythons
  4 bats
  7 kobolds
  4 rats
88 creatures vanquished.

Notes
Turn   | Place    | Note
-------+----------+-------------------------------------------
     0 | D:1      | Psyclone the Djinni Earth Elementalist began the quest for
                  | the Orb.
     0 | D:1      | Psyclone set off with the following spells memorised:
                  | Sandblast, Passwall, Stone Arrow, Petrify.
     0 | D:1      | Reached XP level 1. HP: 15/15 MP: 0/0
    86 | D:1      | Gained mutation: You have hidden genetic potential. [potion
                  | of mutation]
    86 | D:1      | Gained mutation: You have supernaturally acute eyesight.
                  | (SInv) [potion of mutation]
    86 | D:1      | Gained mutation: Your mind is acute. (Int +4, Str/Dex -1)
                  | [potion of mutation]
   296 | D:1      | Identified 3 scrolls of acquirement
   296 | D:1      | Acquired a manual of Spellcasting
   324 | D:1      | Acquired a manual of Spellcasting
   335 | D:1      | Acquired a manual of Spellcasting
   655 | D:1      | Reached XP level 2. HP: 20/21 MP: 0/0
   818 | D:1      | Reached skill level 3 in Spellcasting
  1371 | D:2      | Gained mutation: Your spells are a little harder to cast,
                  | but a little more powerful. [hidden potential]
  1656 | D:2      | Found a runed translucent door.
  1657 | D:2      | Noticed Crazy Yiuf
  1662 | D:2      | Killed Crazy Yiuf
  1663 | D:2      | Reached skill level 4 in Spellcasting
  1663 | D:2      | Reached XP level 3. HP: 24/25 MP: 0/0
  1663 | D:2      | Learned a level 1 spell: Shock
  1663 | D:2      | Reached XP level 4. HP: 30/31 MP: 0/0
  1675 | D:2      | Gained mutation: You expend health (3 HP) to strengthen
                  | your wands. [hidden potential]
  1675 | D:2      | Lost mutation: You have hidden genetic potential. [hidden
                  | potential expressed]
  2102 | D:2      | Noticed Natasha
  2104 | D:2      | Killed Natasha
  2105 | D:2      | Reached skill level 5 in Spellcasting
  2439 | D:3      | Reached XP level 5. HP: 32/35 MP: 0/0
  2439 | D:3      | Learned a level 2 spell: Wereblood
  2643 | D:3      | Found Rylak's Book Boutique.
  2720 | D:3      | Found Xyxiz's Assorted Antiques.
  2991 | D:4      | Noticed Blork the orc
  3085 | D:4      | Killed Blork the orc
  3086 | D:4      | Reached skill level 6 in Spellcasting
  3118 | D:4      | Reached XP level 6. HP: 33/40 MP: 0/0
  3224 | D:4      | Noticed Sigmund
  3229 | D:4      | Killed Sigmund
  3230 | D:4      | Reached skill level 7 in Spellcasting
  3461 | D:4      | Reached XP level 7. HP: 35/45 MP: 0/0
  3461 | D:4      | Learned a level 3 spell: Vampiric Draining
  3572 | D:4      | Noticed Robin
  3586 | D:4      | Killed Robin
  3811 | D:4      | Reached skill level 8 in Spellcasting
  4129 | D:4      | Reached skill level 9 in Spellcasting
  4192 | D:4      | Noticed a water moccasin
  4198 | D:4      | Killed a water moccasin
  4199 | D:4      | Reached XP level 8. HP: 41/50 MP: 0/0
  4387 | D:5      | Entered Level 5 of the Dungeon
  4587 | D:5      | Reached skill level 10 in Spellcasting
  4748 | D:7      | Found a broken altar of Ashenzari.
  4752 | D:7      | Became a worshipper of Ashenzari the Shackled
  4774 | D:7      | Reached skill level 11 in Spellcasting
  4777 | D:7      | Slain by a killer bee

Illustrated notes

Levels and vault maps discovered:
D:1:      dpeg_arrival_orchard, layout_basic
D:2:      layout_loops_corners, uniq_natasha, uniq_crazy_yiuf_cottage
D:3:      layout_basic, serial_shops, nicolae_shop_stone, shop
D:4:      layout_basic, nicolae_figureground_sparkle, uniq_sigmund, uniq_robin,
          uniq_blork_the_orc
D:5:      layout_cave_pools, nicolae_ru_path_of_blood, minmay_quadrilaterals,
          uniq_menkaure, uniq_ijyb
D:6:      cheibrodos_barr_body, layout_rooms, lemuel_doored_altar,
          minmay_temple_entry_large_hall, hangedman_decor_growths,
          minmay_fractal_squares_gapless_5
D:7:      layout_basic, mainiacjoe_overflow_big_doors, lemuel_tele_altar,
          zin_scriptorium, nicolae_figureground_pulse, uniq_duvessa

Skill      XL: |  1  2  3  4  5  6  7  8 |
---------------+-------------------------+-----
Spellcasting   | 4 5 6 7 9 11 | 11.3
Dodging        | |  2.1
Stealth        | |  1.5

Action                     |  1- 3 |  4- 6 |  7- 9 || total
---------------------------+-------+-------+-------++-------
  Melee: Unarmed           |       |     2 |     2 ||     4
         Dagger            |       |       |     1 ||     1
   Cast: Sandblast         |    22 |    39 |       ||    61
         Stone Arrow       |       |     9 |    52 ||    61
    Use: Scroll            |     3 |       |       ||     3
         Potion            |     1 |       |       ||     1
 Armour: Robe              |     5 |     5 |     7 ||    17
  Dodge: Dodged            |     6 |    13 |    18 ||    37
